BR (22 & UNDER)
MONROE MALLARDS @ ELKINS STING RAYS
09/09/2029
 
TOP OF THE 1ST
Monroe Mallards batting - Pitching for Elkins Sting Rays : RHP Germán Santos
Pitching: RHP Germán Santos
Batting: RHB Benito Bo 0-0: Foul Ball, location: 2F
0-1: Ball
1-1: Ball
2-1: Ball
3-1: Foul Ball, location: 2F
3-2: Strikes out swinging
Batting: RHB Dave Sawyer 0-0: Ball
1-0: Called Strike
1-1: Ball
2-1: Fly out, F7 (Flyball, 78S)
Batting: LHB Allen Boyd 0-0: Foul Ball, location: 2F
0-1: Ball
1-1: Ball
2-1: Called Strike
2-2: Ball
3-2: Base on Balls
Batting: LHB Lino Baena 0-0: Swinging Strike
0-1: Foul Ball, location: 2F
0-2: Ball
1-2: Ball
2-2: Strikes out swinging
Top of the 1st over - 0 runs, 0 hits, 0 errors, 1 left on base; Monroe 0 - Elkins 0
BOTTOM OF THE 1ST
Elkins Sting Rays batting - Pitching for Monroe Mallards : RHP Juan Suárez
Pitching: RHP Juan Suárez
Batting: RHB Wayne Hanson 0-0: Ball
1-0: Ball
2-0: Ball
3-0: Called Strike
3-1: Swinging Strike
3-2: Fly out, F8 (Flyball, 8RD)
Batting: RHB Felipe Hernández 0-0: Ground out 1-3 (Groundball, 15S)
Batting: LHB Carlos Músquez 0-0: Swinging Strike
0-1: Ball
1-1: Foul Ball, location: 2F
1-2: Fly out, F6 (Popup, 6MS)
Bottom of the 1st over - 0 runs, 0 hits, 0 errors, 0 left on base; Monroe 0 - Elkins 0
TOP OF THE 2ND
Monroe Mallards batting - Pitching for Elkins Sting Rays : RHP Germán Santos
Batting: RHB Jorge Vázquez 0-0: Called Strike
0-1: Ball
1-1: Called Strike
Error on foul ball, E2
1-2: Ball
2-2: Ground out 5-3 (Groundball, 5L)
Batting: LHB Ramón Ortega 0-0: Called Strike
0-1: Swinging Strike
0-2: Foul Ball, location: 2F
0-2: Foul Ball, location: 2F
0-2: Strikes out looking
Batting: RHB Roberto Sánchez 0-0: Called Strike
0-1: Fly out, F7 (Flyball, 7S)
Top of the 2nd over - 0 runs, 0 hits, 1 error, 0 left on base; Monroe 0 - Elkins 0
BOTTOM OF THE 2ND
Elkins Sting Rays batting - Pitching for Monroe Mallards : RHP Juan Suárez
Batting: RHB Félix Chávez 0-0: Called Strike
0-1: Fly out, F9 (Flyball, 9S)
Batting: LHB Preston Hamilton 0-0: Called Strike
0-1: Ball
1-1: Swinging Strike
1-2: Strikes out looking
Batting: RHB Juan González 0-0: Swinging Strike
0-1: Foul Ball, location: 2F
0-2: Strikes out swinging
Bottom of the 2nd over - 0 runs, 0 hits, 0 errors, 0 left on base; Monroe 0 - Elkins 0
TOP OF THE 3RD
Monroe Mallards batting - Pitching for Elkins Sting Rays : RHP Germán Santos
Batting: RHB Héctor Vega 0-0: Called Strike
0-1: Called Strike
0-2: Ball
1-2: Ball
2-2: Foul Ball, location: 2F
2-2: Strikes out looking
Batting: RHB Simon Plante 0-0: Ball
1-0: Ground out 4-3 (Groundball, 4)
Batting: RHB Benito Bo 0-0: Foul Ball, location: 2F
0-1: SINGLE (Groundball, 56D)
Batting: RHB Dave Sawyer 0-0: Ball
Benito Bo steals 2nd base
1-0: Ground out 6-3 (Groundball, 6MS)
Top of the 3rd over - 0 runs, 1 hit, 0 errors, 1 left on base; Monroe 0 - Elkins 0
BOTTOM OF THE 3RD
Elkins Sting Rays batting - Pitching for Monroe Mallards : RHP Juan Suárez
Batting: RHB Peter Bannatyne 0-0: Called Strike
0-1: Foul Ball, location: 2F
0-2: Ball
1-2: Foul Ball, location: 2F
1-2: Ball
2-2: Foul Ball, location: 2F
2-2: Ball
3-2: Fly out, F8 (Flyball, 8LM)
Batting: RHB Pedro Betancourt 0-0: Ball
1-0: Ball
2-0: Foul Ball, location: 2F
2-1: Swinging Strike
2-2: Ball
3-2: Ground out 5-3 (Groundball, 56)
Batting: RHB Marcos García 0-0: Called Strike
0-1: Swinging Strike
0-2: Ball
1-2: Strikes out swinging
Bottom of the 3rd over - 0 runs, 0 hits, 0 errors, 0 left on base; Monroe 0 - Elkins 0
TOP OF THE 4TH
Monroe Mallards batting - Pitching for Elkins Sting Rays : RHP Germán Santos
Batting: LHB Allen Boyd 0-0: Called Strike
0-1: Ball
1-1: Ball
2-1: Called Strike
2-2: Ball
3-2: SINGLE (Groundball, 56D)
Batting: LHB Lino Baena 0-0: Ball
1-0: Grounds into double play, 5-4-3 (Groundball, 5)
Batting: RHB Jorge Vázquez 0-0: Called Strike
0-1: Ball
1-1: Fly out, F9 (Line Drive, 9)
Top of the 4th over - 0 runs, 1 hit, 0 errors, 0 left on base; Monroe 0 - Elkins 0
BOTTOM OF THE 4TH
Elkins Sting Rays batting - Pitching for Monroe Mallards : RHP Juan Suárez
Batting: RHB Wayne Hanson 0-0: Swinging Strike
0-1: Called Strike
0-2: Ball
1-2: Strikes out looking
Batting: RHB Felipe Hernández 0-0: Called Strike
0-1: Swinging Strike
0-2: Strikes out swinging
Batting: LHB Carlos Músquez 0-0: Called Strike
0-1: Ball
1-1: Foul Ball, location: 2F
1-2: Fly out, F9 (Flyball, 9S)
Bottom of the 4th over - 0 runs, 0 hits, 0 errors, 0 left on base; Monroe 0 - Elkins 0
TOP OF THE 5TH
Monroe Mallards batting - Pitching for Elkins Sting Rays : RHP Germán Santos
Batting: LHB Ramón Ortega 0-0: Ball
1-0: Ball
2-0: SINGLE (Flyball, 7S)
Batting: RHB Roberto Sánchez 0-0: Fly out, F8 (Flyball, 8RD)
Batting: RHB Héctor Vega 0-0: Foul Ball, location: 2F
0-1: Ball
1-1: Foul Ball, location: 2F
1-2: SINGLE (Groundball, 34) (infield hit)
Ramón Ortega to second
Batting: RHB Simon Plante 0-0: Called Strike
0-1: Ball
1-1: Ball
2-1: Fly out, F1 (Line Drive, 13S)
Batting: RHB Benito Bo 0-0: Called Strike
0-1: Ground out 5-3 (Groundball, 2L)
Top of the 5th over - 0 runs, 2 hits, 0 errors, 2 left on base; Monroe 0 - Elkins 0
BOTTOM OF THE 5TH
Elkins Sting Rays batting - Pitching for Monroe Mallards : RHP Juan Suárez
Batting: RHB Félix Chávez 0-0: Ball
1-0: Ball
2-0: SINGLE (Line Drive, 4D)
Batting: LHB Preston Hamilton 0-0: Ball
1-0: Swinging Strike
1-1: Foul Ball, location: 2F
1-2: Ball
2-2: Fly out, F7 (Flyball, 7)
Batting: RHB Juan González 0-0: Ball
1-0: Called Strike
1-1: Grounds into double play, 4-6-3 (Groundball, 4)
Bottom of the 5th over - 0 runs, 1 hit, 0 errors, 0 left on base; Monroe 0 - Elkins 0
TOP OF THE 6TH
Monroe Mallards batting - Pitching for Elkins Sting Rays : RHP Germán Santos
Batting: RHB Dave Sawyer 0-0: Ball
1-0: Bunt for hit - play at first, batter OUT! 1-3
Batting: LHB Allen Boyd 0-0: Foul Ball, location: 2F
0-1: Ball
1-1: Ball
2-1: Ball
3-1: Base on Balls
Batting: LHB Lino Baena 0-0: Called Strike
0-1: Ball
1-1: Foul Ball, location: 2F
1-2: Foul Ball, location: 2F
1-2: Strikes out swinging
Batting: RHB Jorge Vázquez 0-0: Called Strike
0-1: Ball
1-1: Swinging Strike
1-2: Fly out, F7 (Flyball, 7LM)
Top of the 6th over - 0 runs, 0 hits, 0 errors, 1 left on base; Monroe 0 - Elkins 0
BOTTOM OF THE 6TH
Elkins Sting Rays batting - Pitching for Monroe Mallards : RHP Juan Suárez
Batting: RHB Peter Bannatyne 0-0: Ball
1-0: Ball
2-0: Fly out, F4 (Popup, 23)
Batting: RHB Pedro Betancourt 0-0: Ball
1-0: SINGLE (Groundball, 5) (infield hit)
Batting: RHB Marcos García 0-0: Ball
Pedro Betancourt steals 2nd base
1-0: Ground out 5-3 (Groundball, 56)
Batting: RHB Wayne Hanson 0-0: Ball
1-0: Ground out 4-3 (Groundball, 34)
Bottom of the 6th over - 0 runs, 1 hit, 0 errors, 1 left on base; Monroe 0 - Elkins 0
TOP OF THE 7TH
Monroe Mallards batting - Pitching for Elkins Sting Rays : RHP Germán Santos
Batting: LHB Ramón Ortega 0-0: Called Strike
0-1: Ball
1-1: Ball
2-1: Ground out 4-3 (Groundball, 34)
Batting: RHB Roberto Sánchez 0-0: Called Strike
0-1: SINGLE (Line Drive, 7S)
Batting: RHB Héctor Vega 0-0: Ball
1-0: Reached on error, E6 (Groundball, 6M)
Roberto Sánchez to second
Batting: RHB Simon Plante 0-0: Ball
1-0: Ground out U3 (Groundball, 2R)
Roberto Sánchez to third
Héctor Vega to second
Batting: RHB Benito Bo 0-0: Ball
1-0: SINGLE (Line Drive, 8LS)
Roberto Sánchez scores
Héctor Vega to third
Runner from 3rd tries for Home, SAFE, throw made home
Batting: RHB Dave Sawyer 0-0: Ball
1-0: Swinging Strike
1-1: Foul Ball, location: 2F
1-2: Ball
2-2: Strikes out swinging
Top of the 7th over - 2 runs, 2 hits, 1 error, 1 left on base; Monroe 2 - Elkins 0
BOTTOM OF THE 7TH
Elkins Sting Rays batting - Pitching for Monroe Mallards : RHP Juan Suárez
Batting: RHB Felipe Hernández 0-0: Called Strike
0-1: Ball
1-1: Swinging Strike
1-2: Strikes out swinging
Batting: LHB Carlos Músquez 0-0: Called Strike
0-1: Called Strike
0-2: Ball
1-2: Foul Ball, location: 2F
1-2: SINGLE (Flyball, 7S)
Pitching: LHP Roberto Mercado
Batting: RHB Félix Chávez 0-0: Ball
1-0: Fly out, F4 (Line Drive, 4M)
Batting: LHB Preston Hamilton 0-0: Called Strike
0-1: Swinging Strike
0-2: Ball
1-2: Strikes out swinging
Bottom of the 7th over - 0 runs, 1 hit, 0 errors, 1 left on base; Monroe 2 - Elkins 0
TOP OF THE 8TH
Monroe Mallards batting - Pitching for Elkins Sting Rays : RHP Germán Santos
Pitching: RHP Micheal Farr
Batting: LHB Allen Boyd 0-0: Called Strike
0-1: Swinging Strike
0-2: Strikes out swinging
Batting: LHB Lino Baena 0-0: Foul Ball, location: 2F
0-1: Ball
1-1: SINGLE (Groundball, 6MD)
Batting: RHB Jorge Vázquez 0-0: Hit by Pitch
Lino Baena to second
Batting: LHB Ramón Ortega 0-0: Ball
1-0: Fielders Choice at 2nd, 4-6 (Groundball, 34)
Lino Baena to third
Batting: RHB Roberto Sánchez 0-0: Foul Ball, location: 2F
0-1: Ball
1-1: Foul Ball, location: 2F
1-2: Ground out 5-3 (Groundball, 56)
Top of the 8th over - 0 runs, 1 hit, 0 errors, 2 left on base; Monroe 2 - Elkins 0
BOTTOM OF THE 8TH
Elkins Sting Rays batting - Pitching for Monroe Mallards : LHP Roberto Mercado
Batting: RHB Juan González 0-0: Called Strike
0-1: Called Strike
0-2: Strikes out swinging
Batting: RHB Peter Bannatyne 0-0: Ball
1-0: SOLO HOME RUN (Flyball, 7D), Distance : 399 ft
Batting: RHB Pedro Betancourt 0-0: Ball
1-0: Ball
2-0: Swinging Strike
2-1: Ball
3-1: SINGLE (Line Drive, 9S)
Pitching: LHP Michael Davis
Batting: RHB Marcos García 0-0: Called Strike
0-1: Ball
1-1: Foul Ball, location: 2F
1-2: Foul Ball, location: 2F
1-2: Strikes out swinging
Pitching: RHP Hoyt Richardson
Batting: RHB Wayne Hanson 0-0: Fielders Choice at 2nd, 6-4 (Groundball, 6)
Bottom of the 8th over - 1 run, 2 hits, 0 errors, 1 left on base; Monroe 2 - Elkins 1
TOP OF THE 9TH
Monroe Mallards batting - Pitching for Elkins Sting Rays : RHP Micheal Farr
Pitching: LHP Juan Ortíz
Batting: RHB Héctor Vega 0-0: Fly out, F4 (Popup, 4M)
Batting: RHB Simon Plante 0-0: Fly out, F8 (Line Drive, 78D)
Batting: RHB Benito Bo 0-0: Called Strike
0-1: Ball
1-1: Foul Ball, location: 2F
1-2: Reached on error, E5 (Groundball, 56S)
Batting: RHB Dave Sawyer 0-0: Ball
1-0: Ball
2-0: Ball
3-0: Called Strike
3-1: Foul Ball, location: 2F
3-2: Foul Ball, location: 2F
3-2: Base on Balls
Batting: LHB Allen Boyd 0-0: Called Strike
Benito Bo steals 3rd base
0-1: Ball
1-1: Ball
2-1: Swinging Strike
2-2: Strikes out swinging
Top of the 9th over - 0 runs, 0 hits, 1 error, 2 left on base; Monroe 2 - Elkins 1
BOTTOM OF THE 9TH
Elkins Sting Rays batting - Pitching for Monroe Mallards : RHP Hoyt Richardson
Batting: RHB Felipe Hernández 0-0: Ball
1-0: Swinging Strike
1-1: Ball
2-1: Swinging Strike
2-2: Ball
3-2: Base on Balls
Batting: LHB Carlos Músquez 0-0: Ball
1-0: Foul Ball, location: 2F
1-1: Called Strike
1-2: Grounds into double play, 4-6-3 (Groundball, 34)
Pinch Hitting: SHB Juan Ginola 0-0: Foul Ball, location: 2F
0-1: Called Strike
0-2: Ball
1-2: Fly out, F7 (Flyball, 7)
Bottom of the 9th over - 0 runs, 0 hits, 0 errors, 0 left on base; Monroe 2 - Elkins 1
Saturday, December 16th, 2017 - OOTP Baseball 18.8 Build 76